woodfighter, chaotic female orcish Cavewoman ---- --- ------ |..-- ------.----------------- ---.--.-- ---- |...| ---..(....[....[............ |.......| -------..| ---.--- ---..............----------..--- .|.....^-| --..--....| |...-- |.........%......| --..)..--.........| |........-- ---..| |......--[%..----- |..---............----|........| |..|-----..-----[..| ----- ---- |...............--........| --.|..||...| |...|--...| ---......|..............>..-- ------ |....--.--- ---.||....| |.....---|..............-------.--.------- ---.....| |.--....| |..|..| ---....-........|---.|.......--..| ------- ---.......-- ------- |...............--..............-- |..........| --- --.--...................--`.^...-- ---.......|..---- --@|.--...||...................||......| |.........|.....| |.aaa...----...............--.---.....-- ---...............----|.......| |.......-........|---.......| |....................|--^...- |.............---- |....--.-- ---...................*| --...-- ---..---.....-- -------.| |............)......<.-- |....---- ---- |.....| |..| |......^.........--.--- ---.....| --....| ---- -----.--.------------ ----.-- --.--- ------ --- --- woodfighter the Young Cave Woman Experience level: 7 Strength: 18/03 Dexterity: 13 Constitution: 15 Intelligence: 7 Wisdom: 11 Charisma: 8 Health: 0(43) Energy: 30(30) Def: 2 Gold: 329 Moves: 2552 Dungeon seed: 4KgOruY4gETWerm3 Game ID: woodfighter_1475612358 Your Inventory: Coins $ - 329 gold pieces Weapons a - a +1 club (weapon in hand) b - a +2 sling (alternate weapon; not wielded) H - 2 +0 dwarvish spears Armor n - an uncursed +0 pair of iron shoes q - an uncursed +0 leather armor (being worn) u - a blessed +1 dwarvish cloak v - an uncursed +0 dwarvish iron helm w - an uncursed +0 pair of iron shoes z - a cursed -1 dwarvish cloak F - a cursed -1 dwarvish cloak G - an uncursed +0 dwarvish cloak I - an uncursed +0 dwarvish iron helm N - a cursed +0 dwarvish cloak Q - an uncursed +0 dwarvish cloak Comestibles c - 2 uncursed tripe rations l - an uncursed eucalyptus leaf s - 2 uncursed food rations Scrolls d - an uncursed scroll of fire t - a cursed scroll of light Potions i - a cursed potion of object detection o - an uncursed potion of healing x - an uncursed potion of levitation B - an uncursed potion of water C - an uncursed potion of restore ability K - an uncursed potion of booze M - an uncursed potion of acid Rings P - an uncursed ring of poison resistance Wands h - a wand of light (0:13) A - a wand of striking (0:4) O - a wand of make invisible (0:6) Tools r - 2 uncursed partly used tallow candles (lit) (0:149) y - an uncursed lock pick Gems e - 12 uncursed flints (in quiver) Spells and supernatural/magical abilities: Name Level Category Fail Memory W - pray for help -- divine ? -- Your skills at the end: Miscellaneous Skills bare handed combat [Basic] Weapon Skills scimitar [Basic] club [Basic] sling [Basic] Spellcasting Skills Final Attributes: You were piously aligned. You were poison resistant. You had infravision. You were somewhat stealthy. You were fast. You are dead. Vanquished creatures: a gnome king a dingo a dust vortex a soldier ant a fire ant a yellow light a baby crocodile a fog cloud 4 gnome lords 2 gnomish wizards 6 dwarves a centipede 2 jitterbugs 2 orc zombies 10 killer bees 2 coyotes 3 hobbits a gecko 23 gnomes a gnome zombie a kobold 6 newts 5 sewer rats 3 grid bugs a bat 3 lichens a kobold zombie 85 creatures vanquished. Voluntary challenges: You did not adorn yourself with jewelry or accessories. You did not cause conflict. You were not invisible. You did not have reflection. You were not displaced. You used a wielded weapon 107 times, starting on turn 32. You did not use containers. You did not apply a unicorn horn. You did not use plumbed fixtures. You did not drink any magical draughts. You were illiterate. You never genocided any monsters. You never polymorphed an object. You never changed form. You used no wishes. You never split a pudding. You never wrote Elbereth's name. You never violated your personal moral code. Dungeon overview: The Dungeons of Doom: levels 1 to 3 Level 1 a sink a long staircase Level 2 stairs to The Gnomish Mines Level 3 The Gnomish Mines: levels 3 to 6 Level 3 stairs to The Dungeons of Doom Level 4 Level 5 <- You were here Level 6 History has recorded: On T:1 you entered the Dungeons of Doom to retrieve the Amulet of Yendor! On T:248 you reached level 2 of The Dungeons of Doom. On T:331 you reached level 3 of The Dungeons of Doom. On T:351 you advanced to experience level 2. On T:488 you reached level 1 of The Gnomish Mines. On T:618 you advanced to experience level 3. On T:630 you advanced to experience level 4. On T:747 you advanced to experience level 5. On T:1023 you reached level 2 of The Gnomish Mines. On T:1124 you prayed to Anshar. On T:1172 you advanced to experience level 6. On T:1231 you reached level 3 of The Gnomish Mines. On T:1830 you advanced to experience level 7. On T:2239 you reached level 4 of The Gnomish Mines. Score breakdown: Gold: 329 ( 32 points) Experience: 7 levels ( 600 points) Exploration: 6 levels ( 150 points) Discoveries: 21 items ( 1050 points) Variety of kills: 27 monsters ( 1350 points) Major goal: (nothing yet) ( 0 points) Survival: died (score multiplied by 3) Total score: 9546 Latest messages: You finish eating the food ration. You sense a monster nearby! There's still a monster there. You sense a monster nearby! You can see again. You stop searching. You stop exploring. You fall into a pit! You land on a set of sharp iron spikes! You are still in a pit. You crawl to the edge of the pit. You stop exploring. The fire ant bites! (2x) You're on fire! You hit the fire ant! The fire ant bites! (2x) You're on fire! You kill the fire ant! You hit the fire ant! The fire ant bites! (2x) You're on fire! You hit the fire ant! The fire ant bites! (2x) You're on fire! The fire ant bites! (2x) You're on fire! You die... Final status: Goodbye woodfighter the Cavewoman, killed by a fire ant... You died in The Gnomish Mines on dungeon level 5 with 9546 points, and 329 pieces of gold, after 2552 moves. You were level 7 with a maximum of 43 hit points when you died.